 Dungeon Crawl Stone Soup version 0.22-a0-348-gd16d1391c7 (webtiles) character file.

45 Manul the Ducker (level 3, -2/21 HPs)
             Began as a Tengu Gladiator on Apr 7, 2018.
             Slain by a gnoll (4 damage)
             ... on level 2 of the Dungeon.
             The game lasted 00:01:15 (1156 turns).

Manul the Ducker (Tengu Gladiator)                  Turns: 1156, Time: 00:01:15

Health: -2/21      AC:  4    Str: 14    XL:     3   Next: 64%
Magic:  4/4        EV: 19    Int:  8    God:
Gold:   158        SH:  0    Dex: 21    Spells: 2/2 levels left

rFire    . . .     SeeInvis .   a - +0 long sword
rCold    . . .     Gourm    .   (no shield)
rNeg     . . .     Faith    .   b - +0 leather armour
rPois    .         Spirit   .   c - +0 hat
rElec    .         Reflect  .   (no cloak)
rCorr    .         Harm     .   j - +0 pair of gloves
MR       .....                  (boots unavailable)
Stlth    +++.......             (no amulet)
HPRegen  0.07/turn              (no ring)
MPRegen  0.09/turn              (no ring)

@: agile, hasted, very quick
A: beak, talons 3
a: no special abilities


You were on level 2 of the Dungeon.
You were not hungry.

You visited 1 branch of the dungeon, and saw 2 of its levels.

You collected 158 gold pieces.

Inventory:

Hand Weapons
 a - a +0 long sword (weapon)
Missiles
 d - 3 throwing nets (quivered)
Armour
 b - a +0 leather armour (worn)
 c - a +0 hat (worn)
 j - a +0 pair of gloves (worn)
Scrolls
 e - 2 scrolls of identify {unknown}
 g - a scroll of noise {unknown}
 k - a scroll of remove curse {unknown}
Comestibles
 f - 5 rations
 h - 7 chunks of flesh


   Skills:
 + Level 2.1 Fighting
 + Level 3.9 Long Blades
 + Level 2.2 Throwing
 + Level 0.6 Armour
 + Level 3.9 Dodging
 + Level 0.8 Stealth


You had 2 spell levels left.
You didn't know any spells.

Dungeon Overview and Level Annotations

Branches:
Dungeon (2/15)

Altars:


Innate Abilities, Weirdness & Mutations

You have a beak for a mouth.
You have claws for feet.


Message History

The gnoll is almost dead.
The gnoll hits you with a whip.
* * * LOW HITPOINT WARNING * * *
You slash the gnoll!
You kill the gnoll!
You completely miss the hobgoblin. Your peck misses the hobgoblin.
The hobgoblin barely misses you.
You riposte.
You closely miss the hobgoblin. Your kick misses the hobgoblin.
Your peck misses the hobgoblin. You hit the hobgoblin.
You kill the hobgoblin!
You hit the gnoll but do no damage. Your peck misses the gnoll.
The gnoll closely misses you.
You barely miss the gnoll. You claw the gnoll. Your peck misses the gnoll.
The gnoll is moderately wounded.
Items here: )) †† a club; a whip; a hobgoblin corpse; a gnoll corpse You slash the gnoll!
You claw the gnoll. You peck the gnoll, but do no damage.
The gnoll is severely wounded.
The gnoll barely misses you. The gnoll hits you.
You die...

##....# ##.#...##
###.##..#.#
#####.......#.#
...##.#.###.#.#
##.##.##.##..##
##.##.###...###### ##
##.............g.# #.##
####.#######.##@# #..$##
#.# #.##g##.....## #.#
#####.##(#.......#
#####.###...........g.....
.##..#....##.............#
....###.#.##.###≈###...[##
.##..#.##....#.#≈# ...##
.÷.....##<.###.#≈# #...
.......##......#≈# .###


You could see 2 gnolls.

Vanquished Creatures
  A gnoll (D:2)
  An ooze (D:2)
  A dart slug (D:2)
  A leopard gecko (D:2)
  A ball python (D:1)
  A giant cockroach (D:1)
  4 goblins (D:1)
  5 hobgoblins
  2 kobolds (D:2)
  A quokka (D:2)
  3 bats (D:1)
  3 frilled lizards
  2 rats (D:2)
26 creatures vanquished.

Notes
Turn   | Place    | Note
-------+----------+-------------------------------------------
     0 | D:1      | Manul the Tengu Gladiator began the quest for the Orb.
     0 | D:1      | Reached XP level 1. HP: 12/12 MP: 2/2
   109 | D:1      | Reached XP level 2. HP: 10/17 MP: 3/3
   871 | D:2      | Reached XP level 3. HP: 14/21 MP: 4/4
  1156 | D:2      | Slain by a gnoll

Vault maps used:
D:1:      dpeg_arrival_connections, minmay_pentomino_r2
D:2:      lightli_temple_of_fire, first_ration, minmay_misc_feat_nine_boxes,
          grunt_decor_cap

Action                   || total
-------------------------++-------
Melee: Long sword        ||    53
       Kick              ||    15
       Peck              ||    15
  Use: Potion            ||     2
 Stab: Sleeping          ||     1
  Eat: Chunk             ||     1
Armor: Leather armour    ||    12
Dodge: Dodged            ||    44
       Rpst.: Long sword ||    17

Table legend:
 A = Spawn XP
 B = Non-spawn XP
 C = Spawn XP percentage of total XP
 D = Spawn monster count
 E = Non-spawn monster count
 F = Spawn count percentage of total count
 G = Total turns spent on level
                    A         B        C        D         E        F      G
               +---------+---------+-------+---------+---------+-------+---------
         Total |       0 |      65 |   0.0 |       0 |      26 |   0.0 |  1156
               +---------+---------+-------+---------+---------+-------+---------
           D:1 |       0 |      24 |   0.0 |       0 |      14 |   0.0 |   851
           D:2 |       0 |      41 |   0.0 |       0 |      12 |   0.0 |   305
               +---------+---------+-------+---------+---------+-------+---------
